 Dungeon Crawl Stone Soup version 0.31-a0-1159-g800acc2fd1 (webtiles) character file.

Game seed: 16507682407108076478

36 Malachi the Trooper (level 3, -3/30 HPs)
             Began as a Demonspawn Chaos Knight on Dec 8, 2023.
             Was a Plaything of Xom.
             Slain by Crazy Yiuf
             ... wielding a +3 quarterstaff of chaos
              (7 damage)
             ... on level 2 of the Dungeon.
             The game lasted 00:01:10 (1507 turns).

Malachi the Trooper (Demonspawn Chaos Knight)       Turns: 1507, Time: 00:01:10

Health: -3/30      AC:  5    Str: 14    XL:     3   Next: 19%
Magic:  3/3        EV: 18    Int: 12    God:    Xom [..*...]
Gold:   86         SH:  0    Dex: 12    Spells: 2/2 levels left

rFire   . . .        a - +0 hand axe (chaos)
rCold   . . .        (no shield)
rNeg    . . .        b - +2 leather armour
rPois   .            (no helmet)
rElec   .            (no cloak)
rCorr   .            (no gloves)
SInv    .            (no boots)
Will    +....        (no amulet)
Stlth   +            j - ring of willpower
HPRegen 0.25/turn    (no ring)
MPRegen 0.08/turn

%: no passive effects
@: agile
A: repulsion field 1, spiny 1
a: Renounce Religion


You were on level 2 of the Dungeon.
You worshipped Xom.
You were a toy of Xom.
You visited 1 branch of the dungeon, and saw 2 of its levels.

You collected 86 gold pieces.

Inventory:

Hand Weapons
 a - a +0 hand axe of chaos (weapon)
Armour
 b - a +2 leather armour (worn)
Jewellery
 j - a ring of willpower (left hand)
Scrolls
 c - 2 scrolls of butterflies
 d - 2 scrolls of identify {unknown}
 f - a scroll of fear {unknown}
 k - a scroll of silence {unknown}
 l - a scroll of vulnerability {unknown}
Potions
 e - a potion of magic
 g - a potion of curing {unknown}
 h - a potion of might {unknown}
 i - a potion of cancellation {unknown}
 m - a potion of brilliance {unknown}
 n - a potion of mutation {unknown}
 o - 2 potions of heal wounds {unknown}


   Skills:
 + Level 3.6 Fighting
 + Level 3.3 Axes
 - Level 1.8 Armour
 - Level 1.0 Dodging


You had 2 spell levels left.
You didn't know any spells.
Your spell library contained the following spells:

 Spells                   Type           Power      Damage    Failure   Level
 Magic Dart               Conj           0%         1d3       38%         1
 Searing Ray              Conj           0%         2d4       52%         2
 Ozocubu's Armour         Ice            0%         N/A       77%         3
 Fulminant Prism          Conj/Hex       0%         3d5       99%         4
 Ozocubu's Refrigeration  Ice            0%         4d7       100%        7


Dungeon Overview and Level Annotations

Branches:
Dungeon (2/15)

Altars:

Annotations:
D:2 Crazy Yiuf


Innate Abilities, Weirdness & Mutations

You are surrounded by a mild repulsion field. (EV +2)
You are partially covered in sharp spines.


Message History

You detect creatures!
You see here a +2 short sword of freezing.
You see here a +0 quarterstaff.
Crazy Yiuf shouts!
Could not explore, unopened runed door.
Could not explore, unopened runed door.
As you open the door, it creaks loudly!
Crazy Yiuf says, "It is extremely absurd to expect to be enlightened by reason, and yet to prescribe to it beforehand on which side it must incline."
You completely miss Crazy Yiuf. Crazy Yiuf is struck by your spines.
Crazy Yiuf hits you with a +3 quarterstaff of chaos.
You feel agile all of a sudden.
You hit Crazy Yiuf.
Crazy Yiuf is moderately wounded.
Crazy Yiuf hits you with a +3 quarterstaff of chaos.
You are electrocuted!
You hit Crazy Yiuf. You burn Crazy Yiuf.
Crazy Yiuf is moderately wounded.
Crazy Yiuf closely misses you.
You hit Crazy Yiuf. You freeze Crazy Yiuf.
Crazy Yiuf is heavily wounded.
Crazy Yiuf zaps a wand.
The puff of flame hits you.
* * * LOW HITPOINT WARNING * * *
You hit Crazy Yiuf but do no damage.
Crazy Yiuf is heavily wounded.
Crazy Yiuf misses you.
You closely miss Crazy Yiuf.
Crazy Yiuf is heavily wounded.
Crazy Yiuf hits you with a +3 quarterstaff of chaos.
* * * LOW HITPOINT WARNING * * *
Crazy Yiuf laughs, "Mama!"
Crazy Yiuf zaps a wand.
The puff of flame hits you.
* * * LOW HITPOINT WARNING * * *
It was a potion of magic.
Magic courses through your body.
Xom thinks this is hilarious!
Crazy Yiuf is struck by your spines. Crazy Yiuf barely misses you.
You closely miss Crazy Yiuf.
Crazy Yiuf is severely wounded.
Crazy Yiuf says, "It is extremely absurd to expect to be enlightened by reason, and yet to prescribe to it beforehand on which side it must incline."
Crazy Yiuf hits you with a +3 quarterstaff of chaos!
You die...

##...#.............#
#..##.#
##.....##############
#..##.# #........#
######..##.#
##.....### #####
#.......##.#
##..<#### #)..#
#........... ##.#...#
#...# ###.########
#.#.### ... #.#
#.#.### #g# #.##
##.#...# ♣@♣♣ #..# ##
#..#.### ♣♣.♣ ##.#
.## #.##.# ♣.♣♣ #.#
#.###.##.### ♣♣.♣ #.#
##.##.##...# ♣♣.♣♣
####.# ###.#.##.###
♣♣...♣ #..#.#
.........# ♣....♣
#....# #####
###.#.#### ##..##
#.#..# #.... ##.##.#
#....# #...## #.###


You could see Crazy Yiuf.

Vanquished Creatures
  An adder (D:2)
  A worm (D:2)
  2 dart slugs
  A bat (D:1)
  2 endoplasms
  A giant cockroach (D:2)
  2 goblins (D:1)
  3 hobgoblins
  A quokka (D:2)
  A frilled lizard (D:1)
  4 rats
19 creatures vanquished.

Notes
Turn   | Place    | Note
-------+----------+-------------------------------------------
     0 | D:1      | Malachi the Demonspawn Chaos Knight began the quest for the
                  | Orb.
     0 | D:1      | Reached XP level 1. HP: 18/18 MP: 1/1
    50 | D:1      | Reached skill level 1 in Dodging
   246 | D:1      | XOM: divination: magic mapping
   272 | D:1      | Gained mutation: You are surrounded by a mild repulsion
                  | field. (EV +2) [demonic ancestry]
   272 | D:1      | Reached XP level 2. HP: 24/24 MP: 2/2
   396 | D:1      | XOM: divination: detect creatures
   818 | D:2      | XOM: butterfly on damage
   824 | D:2      | Gained mutation: You are partially covered in sharp spines.
                  | [demonic ancestry]
   824 | D:2      | Reached XP level 3. HP: 13/29 MP: 3/3
   987 | D:2      | XOM: silly message
   988 | D:2      | XOM: divination: detect creatures
  1238 | D:2      | Found a runed translucent door.
  1239 | D:2      | Noticed Crazy Yiuf
  1370 | D:2      | XOM: divination: detect creatures
  1507 | D:2      | Slain by Crazy Yiuf

Illustrated notes

Levels and vault maps discovered:
D:1:      sevenhm_arrival_forest_fort_large_4, layout_rooms,
          nicolae_eternal_life
D:2:      layout_loops_ring, uniq_crazy_yiuf_cottage

Skill      XL: |  1  2 |
---------------+-------+-----
Dodging        | 1 |  1.0
Axes           | 3 |  3.3
Fighting       | |  3.6
Armour         | |  1.8

Action                     || total
---------------------------++-------
  Melee: Hand axe          ||    63
    Use: Potion            ||     1
 Armour: Leather armour    ||    29
  Dodge: Dodged            ||    39

Table legend: (Time is in decaauts)
 A = Elapsed time spent in this place.
 B = Non-inter-level travel time spent in this place.
 C = Inter-level travel time spent in this place.
 D = Time resting spent in this place.
 E = Time spent auto-exploring this place.
 F = Levels seen in this place.
 G = Mean time per level.
                   A        B        C        D        E       F      G
               +--------+--------+--------+--------+--------+-----+--------+
         Total |   1515 |   1482 |     33 |    157 |   1145 |   2 |  757.5 |
       Dungeon |   1515 |   1482 |     33 |    157 |   1145 |   2 |  757.5 |
               +--------+--------+--------+--------+--------+-----+--------+

Top non-repeatable levels by time:
     D:2: 916 daAuts
     D:1: 599 daAuts
